 Dungeon Crawl Stone Soup version 0.17.2 (webtiles) character file.

49 Charly the Ruffian (level 3, -17/32 HPs)
             Began as a Troll Transmuter on July 14, 2016.
             Demolished by an ogre
             ... wielding a +0 giant spiked club
              (28 damage)
             ... on level 6 of the Dungeon.
             The game lasted 00:06:13 (387 turns).

Charly the Ruffian (Troll Transmuter)                Turns: 387, Time: 00:06:13

Health: -17/32     AC:  5    Str: 18    XL:     3   Next: 53%
Magic:  1/3        EV: 10    Int:  9    God:
Gold:   22         SH:  0    Dex: 11    Spells: 2 memorised, 1 level left

rFire  . . .     SeeInvis .       - Unarmed
rCold  + . .     Clarity  .     b - +0 robe
rNeg   . . .     SustAt   .     (no shield)
rPois  .         Gourm    +     (helmet restricted)
rElec  .         Spirit   .     (no cloak)
rCorr  .         Warding  .     (gloves unavailable)
rMut   .         Stasis   .     (boots unavailable)
MR     .....                    (no amulet)
Stlth  ++........               k - ring of stealth
                                g - ring of protection from cold

@: not resistant to hostile enchantments, unstealthy
A: unfitting armour, claws 3, fast metabolism 3, gourmand, regeneration 2,
shaggy fur 1, tough skin 2
a: no special abilities


You were on level 6 of the Dungeon.
You were hungry.

You visited 1 branch of the dungeon, and saw 6 of its levels.

You collected 22 gold pieces.

Inventory:

Missiles
 a - 9 arrows
Armour
 b - a +0 robe (worn)
Jewellery
 g - a ring of protection from cold (left claw)
 k - a ring of stealth (right claw)
Scrolls
 h - a scroll of enchant weapon {unknown}
 m - a scroll of fear {unknown}
 n - a scroll of teleportation {unknown}
Potions
 e - a potion of ambrosia
 i - 2 potions of curing
 l - a potion of invisibility
Books
 c - a book of Changes

   Spells                             Type                      Level
   a - Beastly Appendage              Transmutation                1
   b - Sticks to Snakes               Transmutation                2
   c - Spider Form                    Transmutation/Poison         3
   d - Ice Form                       Ice/Transmutation            4
   e - Blade Hands                    Transmutation                5
Comestibles
 d - 2 bread rations
 j - a meat ration


   Skills:
 - Level 0.7 Fighting
 - Level 1.5 Dodging
 + Level 4.6 Unarmed Combat
 - Level 1.2 Spellcasting
 - Level 1.3 Transmutations


You had one spell level left.
You knew the following spells:

 Your Spells              Type           Power        Failure   Level  Hunger
a - Beastly Appendage     Trmt           #.....       21%         1    ##.....
s - Sticks to Snakes      Trmt           #.........   34%         2    ###....


Dungeon Overview and Level Annotations

Branches:
Dungeon (6/15)
 Temple: D:4-7

Altars:
Kikubaaqudgha
Qazlal
Trog
Zin

Annotations:
D:4 Blork the orc


Innate Abilities, Weirdness & Mutations

You are too large for most types of armour.
You have claws for hands.
Your metabolism is lightning-fast.
You like to eat raw meat.
You heal very quickly.
You are covered in fur (AC +1).
You have very tough skin (AC +2).


Message History

Your ball python bites the ogre but does no damage.
The ogre hits you but does no damage.
Your ball python bites the ogre.
You scratch the ogre.
The ogre is moderately wounded.
The ogre hits you with a giant spiked club!!
Ouch! That really hurt!
Your ball python bites the ogre.
You claw the ogre!
The ogre is heavily wounded.
Your ball python closely misses the ogre.
You scratch the ogre.
The ogre is heavily wounded.
The ogre barely misses you.
Your ball python bites the ogre but does no damage.
You barely miss the ogre.
The ogre is heavily wounded.
Your ball python bites the ogre.
The ogre hits you with a giant spiked club!!
Ouch! That really hurt!
You die...

.....# ########## #....#
##........# #....#
#........$###....#
#..........# ....#
#.(........# #...#
#.....O....# #...#
#.....@S...###...##
#...........##.....#####
#.......[...#.####.....#
##...>.......## ##......
#...........# #.......
##......##.## ##...<..
########### ###....
##... ##..


You could see an ogre and a friendly ball python.

Vanquished Creatures
  A worker ant (D:5)
  An adder (D:2)
  An adder zombie (D:5)
  A worm (D:2)
  2 orcs
  A giant cockroach (D:2)
  A goblin (D:1)
  A giant newt (D:2)
  A kobold (D:1)
  2 rats (D:1)
12 creatures vanquished.

Notes
Turn   | Place    | Note
--------------------------------------------------------------
     0 | D:1      | Charly the Troll Transmuter began the quest for the Orb.
     0 | D:1      | Reached XP level 1. HP: 18/18 MP: 1/1
   141 | D:2      | Reached XP level 2. HP: 17/26 MP: 2/2
   168 | D:2      | Noticed an air elemental
   169 | D:2      | Found a stormy altar of Qazlal.
   189 | D:2      | Learned a level 2 spell: Sticks to Snakes
   196 | D:2      | Found a glowing silver altar of Zin.
   204 | D:2      | Found a bloodstained altar of Trog.
   204 | D:2      | Found an ancient bone altar of Kikubaaqudgha.
   251 | D:4      | Reached skill level 4 in Unarmed Combat
   256 | D:5      | Entered Level 5 of the Dungeon
   326 | D:4      | Noticed Blork the orc
   357 | D:5      | Reached XP level 3. HP: 30/32 MP: 0/3
   375 | D:6      | Noticed an ogre
   387 | D:6      | Demolished by an ogre

Action                   || total
-------------------------++-------
Melee: Unarmed           ||    40
 Cast: Sticks to Snakes  ||     3
  Use: Scroll            ||     3
 Stab: Sleeping          ||     3
       Distracted        ||     1
